cohdb
Replays
Latest Replays
All Replays
Popular Replays
Top Player Replays
Match Explorer
How It Works
Community
CoH3 Stats
Reddit
Sign in to upload your games and track your stats! →
Sign in with Steam
Match 42506012
Unlisted
Match 42506012
Overview
Messages
Build Orders
End
Pioneer Squad
Construct Infanterie Kompanie
Selects Breakthrough Battlegroup
Selects Assault Grenadiers
MG 42 Machine Gun Team
MG 42 Machine Gun Team
Construct Panzergrenadier Kompanie
Panzergrenadier Squad
Medical Station
Panzergrenadier Squad
Support Elements
Panzergrenadier Officer Quarters
Forward Retreat Point
Selects Breakthrough
Selects Rapid Production
Nebelwerfer 42 Rocket Launcher Team
Nebelwerfer 42 Rocket Launcher Team
Selects Incendiary Bombing Run
Incendiary Bombing Run
Construct Panzer Kompanie
Medical Bunker
Panzer IV Medium Tank
Selects Blitzkrieg
Side Skirts
Beck
Ori
[PBSr]Confident Pwoh
Mael Radec
PapaZor
GoupiL ☮
Frankenfreund
Blue Dragon
0
0
Comments
sign in to comment!
No comments posted yet!